 Dungeon Crawl Stone Soup version 0.30.1-11-g7821555f0a (webtiles) character file.

Game seed: 18143986447866414099

86 PaiMei the Grave Robber (level 4, -5/32 HPs)
             Began as a Demonspawn Necromancer on Jan 10, 2024.
             Slain by a sky beast (6 damage)
             ... on level 3 of the Dungeon.
             The game lasted 00:02:42 (2507 turns).

PaiMei the Grave Robber (Demonspawn Necromancer)    Turns: 2507, Time: 00:02:42

Health: -5/32      AC:  3    Str:  9    XL:     4   Next: 27%
Magic:  4/8        EV: 12    Int: 18    God:
Gold:   99         SH:  0    Dex: 13    Spells: 7/8 levels left

rFire   . . .        l - +1 whip (venom)
rCold   . . .        (no shield)
rNeg    . . .        a - +0 robe
rPois   .            (helmet restricted)
rElec   .            m - +0 cloak
rCorr   .            (no gloves)
SInv    .            (no boots)
Will    .....        j - amulet of the acrobat
Stlth   ++           (no ring)
HPRegen 0.25/turn    (no ring)
MPRegen 0.11/turn

%: acrobat
@: no status effects
A: horns 1
a: no special abilities


You were on level 3 of the Dungeon.
You visited 1 branch of the dungeon, and saw 3 of its levels.

You collected 99 gold pieces.

Inventory:

Hand Weapons
 i - a +3 mace
 l - a +1 whip of venom (weapon)
Missiles
 d - 6 poisoned darts (quivered)
Armour
 a - a +0 robe (worn)
 m - a +0 cloak (worn)
Jewellery
 j - an amulet of the acrobat (around neck)
Scrolls
 c - 5 scrolls of poison {unknown}
 e - a scroll of magic mapping {unknown}
 f - a scroll of vulnerability {unknown}
 g - 2 scrolls of noise {unknown}
 h - a scroll of fog {unknown}
 n - a scroll of immolation {unknown}
 o - a scroll of identify {unknown}
 p - a scroll of teleportation {unknown}
Potions
 b - 2 potions of magic
 k - a potion of degeneration {unknown}
 q - a potion of invisibility {unknown}
 r - a potion of cancellation {unknown}


   Skills:
 + Level 1.4 Fighting
 + Level 2.5 Dodging
 - Level 2.0 Stealth
 + Level 2.7 Spellcasting
 + Level 5.0 Necromancy


You had 7 spell levels left.
You knew the following spells:

 Your Spells              Type           Power      Damage    Failure   Level
a - Necrotise             Necr           80%        1d8       2%          1

Your spell library contained the following spells:

 Spells                   Type           Power      Damage    Failure   Level
 Vampiric Draining        Necr           20%        2d7       6%          3
 Animate Dead             Necr           20%        N/A       22%         4
 Agony                    Necr           20%        N/A       52%         5


Dungeon Overview and Level Annotations

Branches:
Dungeon (3/15)

Altars:

Annotations:
D:3 Terence


Innate Abilities, Weirdness & Mutations

You have a pair of small horns on your head.


Message History

You don't know that spell.
You hit the sky beast.
The sky beast is poisoned.
Your headbutt misses the sky beast.
The sky beast is lightly wounded.
The sky beast hits you. The sky beast shocks you.
Casting: Necrotise (safe; 2% risk of failure)
Confirm with . or Enter, or press ? or * to list all spells.
You don't know that spell.
You hit the sky beast. Your headbutt misses the sky beast.
The sky beast is lightly wounded.
The sky beast closely misses you.
You closely miss the sky beast.
The sky beast is lightly wounded.
The sky beast hits you. The sky beast shocks you.
The sky beast barely misses you.
You closely miss the sky beast.
The sky beast is lightly wounded.
The sky beast hits you. The sky beast shocks you.
* * * LOW HITPOINT WARNING * * *
Casting: Necrotise (safe; 2% risk of failure)
Confirm with . or Enter, or press ? or * to list all spells.
Aiming: Necrotise (safe; 2% risk of failure)
Press: ? - help, Shift-Dir - straight line, f/p - sky beast
Aim: a sky beast (lightly wounded, very poisoned, chance to affect: 78%)
The sky beast writhes in agony!
The sky beast hits you.
* * * LOW HITPOINT WARNING * * *
The sky beast shocks you.
* * * LOW HITPOINT WARNING * * *
You hit the sky beast but do no damage.
The sky beast looks even sicker.
The sky beast is heavily wounded.
The sky beast misses you.
Casting: Necrotise (safe; 2% risk of failure)
Confirm with . or Enter, or press ? or * to list all spells.
Aiming: Necrotise (safe; 2% risk of failure)
Press: ? - help, Shift-Dir - straight line, f/p - sky beast
Aim: a sky beast (heavily wounded, very poisoned, chance to affect: 78%)
The sky beast writhes in agony!
The sky beast hits you.
* * * LOW HITPOINT WARNING * * *
The sky beast shocks you.
You die...

.......##
#....###########
.......##.#....#
...............#
.......##.##...#
##.#.###..##...#####
##.#.#...#.........#
........##.........#
.......###.........#
..>.....##.....Y@..#
############.......#
#..........#
...........#
...........#
.###.......# ##
##.###### #.


You could see a sky beast (very poisoned).

Vanquished Creatures
  Robin (D:3)
  3 adders
  2 dart slugs
  3 ball pythons
  2 endoplasms
  2 giant cockroaches
  11 goblins
  5 hobgoblins
  2 kobolds (D:2)
  A quokka (D:1)
  A bat (D:2)
  3 frilled lizards
  2 rats
38 creatures vanquished.

Vanquished Creatures (collateral kills)
  A goblin (D:2)
  A hobgoblin (D:2)
  A rat (D:2)
3 creatures vanquished.

Grand Total: 41 creatures vanquished

Notes
Turn   | Place    | Note
-------+----------+-------------------------------------------
     0 | D:1      | PaiMei the Demonspawn Necromancer began the quest for the
                  | Orb.
     0 | D:1      | Reached XP level 1. HP: 13/13 MP: 3/3
   332 | D:1      | Found a faded altar of an unknown god.
  1271 | D:2      | Gained mutation: You have a pair of small horns on your
                  | head. [demonic ancestry]
  1271 | D:2      | Reached XP level 2. HP: 19/19 MP: 0/5
  1530 | D:2      | Reached XP level 3. HP: 25/25 MP: 4/6
  1948 | D:3      | Reached skill level 1 in Fighting
  1994 | D:3      | Noticed Terence
  1996 | D:3      | Noticed a sky beast
  2227 | D:3      | Noticed Robin
  2278 | D:3      | Reached XP level 4. HP: 25/32 MP: 2/7
  2375 | D:3      | Killed Robin
  2382 | D:3      | Reached skill level 5 in Necromancy
  2507 | D:3      | HP: 1/32 [sky beast (2)]
  2507 | D:3      | Slain by a sky beast

Illustrated notes

Levels and vault maps discovered:
D:1:      nzn_arrival_settlement, layout_basic, chequers_ecumenical_altar_twisty
D:2:      layout_rooms
D:3:      layout_basic, serial_curves, eino_curves_01, eino_curves_02,
          eino_curves_02, uniq_terence, uniq_robin

Skill      XL: |  1  2  3  4 |
---------------+-------------+-----
Dodging        | 2 |  2.5
Stealth        | 2 |  2.0
Fighting       | 1 |  1.4
Necromancy     | 5 |  5.0
Spellcasting   | |  2.7

Action                     |  1- 3 |  4- 6 || total
---------------------------+-------+-------++-------
  Melee: Unarmed           |     9 |       ||     9
         Punch             |     1 |       ||     1
         Mace              |     8 |       ||     8
         Whip              |    17 |     9 ||    26
         Headbutt          |     5 |     1 ||     6
   Cast: Necrotise         |    50 |    16 ||    66
 Armour: Robe              |    17 |     1 ||    18
  Dodge: Dodged            |    39 |    11 ||    50
